 Dungeon Crawl Stone Soup version 0.18-a0-1788-g92de1ac (webtiles) character file.

44 macross the Stinger (level 3, 0/24 HPs)
             Began as a Demonspawn Venom Mage on Apr 21, 2016.
             Succumbed to an adder's poison
             ... on level 2 of the Dungeon.
             The game lasted 00:09:42 (942 turns).

macross the Stinger (Demonspawn Venom Mage)          Turns: 942, Time: 00:09:43

Health: 0/24       AC:  2    Str:  8    XL:     3   Next: 41%
Magic:  1/6        EV: 12    Int: 17    God:
Gold:   32         SH:  0    Dex: 13    Spells: 1 memorised, 5 levels left

rFire  . . .     SeeInvis .     c - +0 dagger
rCold  . . .     Gourm    .     a - +0 robe
rNeg   . . .     Faith    .     (no shield)
rPois  .         Spirit   .     (helmet restricted)
rElec  .         Dismiss  .     (no cloak)
rCorr  .         Reflect  .     (no gloves)
SustAt .         Harm     .     (no boots)
MR     .....                    (no amulet)
Stlth  ++........               (no ring)
                                (no ring)

@: lethally poisoned (0 -> -4), not resistant to hostile enchantments,
unstealthy
A: horns 1
a: no special abilities


You were on level 2 of the Dungeon.
You were not hungry.

You visited 1 branch of the dungeon, and saw 2 of its levels.

You collected 32 gold pieces.

Inventory:

Hand Weapons
 c - a +0 dagger (weapon)
Armour
 a - a +0 robe (worn)
Books
 b - a Young Poisoner's Handbook

   Spells                             Type                      Level
   a - Sting                          Conjuration/Poison           1
   b - Cure Poison                    Poison                       2
   c - Mephitic Cloud                 Conjuration/Poison/Air       3
   d - Olgreb's Toxic Radiance        Poison                       4
   e - Venom Bolt                     Conjuration/Poison           5


   Skills:
 + Level 0.2 Fighting
 + Level 2.1 Dodging
 + Level 1.8 Stealth
 + Level 2.3 Spellcasting
 + Level 0.2 Conjurations
 + Level 4.7 Poison Magic


You had 5 spell levels left.
You knew the following spells:

 Your Spells              Type           Power        Failure   Level  Hunger
a - Sting                 Conj/Pois      ##..         10%         1    #......


Dungeon Overview and Level Annotations

Branches:
Dungeon (1/15)

Altars:


Innate Abilities, Weirdness & Mutations

You have a pair of small horns on your head.


Message History

You feel sick. The adder barely misses you. The adder bites you.
* * * LOW HITPOINT WARNING * * *
Read which item? (? for menu, Esc to quit)
You can't read that!
Read which item? (? for menu, Esc to quit)
As you read the scroll labeled OTHEAN MEERE, it crumbles to dust.
It is a scroll of identify.
You don't have any unidentified items.
You kill the kobold!
The adder closely misses you.
You hit the adder.
You kill the adder!
* * * LOW HITPOINT WARNING * * *
You feel sick.
There is a lethal amount of poison in your body!
There is a lethal amount of poison in your body!
There is a lethal amount of poison in your body!
There is a lethal amount of poison in your body!
There is a lethal amount of poison in your body!
You die...

.....# ..... .K..
).. ##### #.#
#...#
#.############).@#
.......).........#
.............#...#
.#############...#
.# ....# ##
....... #
......#.. #
..........#
#########..#


There were no monsters in sight!

Vanquished Creatures
  2 adders (D:2)
  2 dart slugs
  A giant gecko (D:1)
  A ball python (D:1)
  A giant cockroach (D:1)
  2 goblins
  2 hobgoblins (D:1)
  4 kobolds
  2 bats (D:1)
  A giant newt (D:1)
  3 rats (D:1)
21 creatures vanquished.

Vanquished Creatures (others)
  A minotaur (D:1)
  A vine stalker (D:1)
  An elf (D:1)
  A troll (D:1)
  A formicid (D:1)
  2 spriggans (D:1)
  A human (D:1)
  2 nagas (D:1)
  An ogre (D:1)
  A kobold (D:1)
  4 tentacles (D:1)
  27 tentacle segments (D:1)
43 creatures vanquished.

Grand Total: 64 creatures vanquished

Notes
Turn   | Place    | Note
--------------------------------------------------------------
     0 | D:1      | macross the Demonspawn Venom Mage began the quest for the Orb.
     0 | D:1      | Reached XP level 1. HP: 13/13 MP: 3/3
     0 | D:1      | Noticed an ogre
     0 | D:1      | Noticed a spriggan
     0 | D:1      | Noticed a human
     0 | D:1      | Noticed a naga
     0 | D:1      | Noticed a naga
     0 | D:1      | Noticed a spriggan
     0 | D:1      | Noticed a kraken
     0 | D:1      | Noticed an elf
     0 | D:1      | Noticed a vine stalker
     0 | D:1      | Noticed a troll
     0 | D:1      | Noticed a formicid
     0 | D:1      | Noticed a minotaur
     5 | D:1      | Killed a human
     7 | D:1      | Killed a spriggan
     8 | D:1      | Killed a naga
     9 | D:1      | Killed a spriggan
     9 | D:1      | Killed an ogre
    11 | D:1      | Killed a vine stalker
    11 | D:1      | Killed a minotaur
    11 | D:1      | Killed a naga
    13 | D:1      | Killed a troll
    13 | D:1      | Killed a formicid
    14 | D:1      | Killed an elf
   249 | D:1      | Gained mutation: You have a pair of small horns on your head. [demonic ancestry]
   249 | D:1      | Reached XP level 2. HP: 19/19 MP: 3/5
   335 | D:1      | Learned a level 2 spell: Cure Poison
   906 | D:1      | You fall through a shaft!
   919 | D:2      | Reached XP level 3. HP: 20/24 MP: 4/6
   938 | D:2      | HP: 1/24 [poisoned by an adder]
   942 | D:2      | Succumbed to an adder's poison

Vault maps used:
D:1:      nicolae_arrival_kraken_aquarium_a
D:2:      first_bread, grunt_pakellas_basics

Skill      XL: |  1 |
---------------+----+-----
Dodging        | 2 |  2.1
Fighting       | |  0.2
Stealth        | |  1.8
Spellcasting   | |  2.3
Conjurations   | |  0.2
Poison Magic   | |  4.7

Action                   || total
-------------------------++-------
Melee: Dagger            ||    25
       Headbutt          ||     6
 Cast: Sting             ||    34
  Use: Scroll            ||     3
  Eat: Bread ration      ||     1
Armor: Robe              ||    18
Dodge: Dodged            ||    33
